 Dungeon Crawl Stone Soup version 0.31.0-32-g396128a36d (webtiles) character file.

Game seed: 16356206290976131312

71 DiddlyDoom the Digger (level 4, -2/24 HPs)
             Began as a Gargoyle Earth Elementalist on Mar 13, 2024.
             Frozen to death by an endoplasm (4 damage)
             ... on level 3 of the Dungeon.
             The game lasted 00:06:39 (2362 turns).

DiddlyDoom the Digger (Gargoyle Earth Elementalist) Turns: 2362, Time: 00:06:41

Health: -2/24      AC: 11    Str: 11    XL:     4   Next: 24%
Magic:  2/7        EV: 11    Int: 18    God:
Gold:   44         SH:  0    Dex: 10    Spells: 7/8 levels left

rFire   . . .        j - +2 whip (heavy)
rCold   . . .        (no shield)
rNeg    + + .        m - +3 leather armour
rPois   ∞            (no helmet)
rElec   +            (no cloak)
rCorr   .            e - +0 pair of gloves
SInv    .            c - +1 pair of boots
Will    .....        d - amulet of the acrobat
Stlth   ++           g - ring of flight
HPRegen 0.24/turn    h - ring of positive energy
MPRegen 0.10/turn

%: acrobat
@: flying
A: sickness immunity, AC +3, negative energy resistance 1, electricity
resistance, torment resistance 1, petrification resistance, deformed body, low
MP 1, MP-powered wands
a: no special abilities


You were on level 3 of the Dungeon.
You visited 1 branch of the dungeon, and saw 4 of its levels.

You collected 44 gold pieces.

Inventory:

Hand Weapons
 j - a +2 heavy whip (weapon)
Armour
 a - a +0 robe
 c - a +1 pair of boots (worn)
 e - a +0 pair of gloves (worn)
 m - a +3 leather armour (worn)
Jewellery
 d - an amulet of the acrobat (around neck)
 g - a ring of flight (left hand)
 h - a ring of positive energy (right hand)
Scrolls
 f - a scroll of brand weapon
 i - 2 scrolls of identify
Potions
 b - 2 potions of magic
 k - a potion of resistance
 l - a potion of might


   Skills:
 - Level 1.8 Dodging
 - Level 2.5 Stealth
 * Level 2.9 Spellcasting
 - Level 1.5 Conjurations
 * Level 4.6 Earth Magic


You had 7 spell levels left.
You knew the following spells:

 Your Spells              Type           Power      Damage    Failure   Level
a - Sandblast             Erth           38%        2d10      3%          1

Your spell library contained the following spells:

 Spells                   Type           Power      Damage    Failure   Level
 Passwall                 Erth           19%        N/A       10%         3
 Stone Arrow              Conj/Erth      26%        3d8       19%         3
 Brom's Barrelling Bould  Conj/Erth      13%        2d4       52%         4
 Petrify                  Alch/Erth      11%        N/A       63%         4


Dungeon Overview and Level Annotations

Branches:
Dungeon (4/15)
 Temple: D:4-7

Altars:

Shops:
D:4 *

Annotations:
D:3 Ijyb


Innate Abilities, Weirdness & Mutations

You are immune to sickness and miasma.
Your stone body is resilient. (AC +3)
You are immune to poison.
You resist negative energy. (rN+)
You are resistant to electric shocks. (rElec)
You are resistant to unholy torment.
You are immune to petrification.
Armour fits poorly on your strangely shaped body.
Your magical capacity is low. (-10% MP)
You expend magic power (3 MP) to strengthen your wands.


Message History

Casting: Sandblast (safe; 3% risk of failure)
Confirm with . or Enter, or press ? or * to list all spells.
Aiming: Sandblast (safe; 3% risk of failure)
Press: ? - help, Shift-Dir - straight line, f/p - Ijyb
Aim: Ijyb, wielding a +1 dagger of venom, wearing a +1 scale mail of fire resistance and carrying a wand of quicksilver (80% to hit)
The blast of sand hits Ijyb but does no damage.
Unknown command.
Casting: Sandblast (safe; 3% risk of failure)
Confirm with . or Enter, or press ? or * to list all spells.
Aiming: Sandblast (safe; 3% risk of failure)
Press: ? - help, Shift-Dir - straight line, f/p - Ijyb
Aim: Ijyb, wielding a +1 dagger of venom, wearing a +1 scale mail of fire resistance and carrying a wand of quicksilver (80% to hit)
The blast of sand misses Ijyb.
The hobgoblin hits you but does no damage.
Ijyb hits you but does no damage.
The hobgoblin hits you but does no damage.
The hobgoblin barely misses you. Ijyb hits you but does no damage.
The hobgoblin closely misses you. The endoplasm closely misses you.
Casting: Sandblast (safe; 3% risk of failure)
Confirm with . or Enter, or press ? or * to list all spells.
Aiming: Sandblast (safe; 3% risk of failure)
Press: ? - help, Shift-Dir - straight line, f/p - Ijyb
Aim: Ijyb, wielding a +1 dagger of venom, wearing a +1 scale mail of fire resistance and carrying a wand of quicksilver (80% to hit)
The blast of sand hits Ijyb but does no damage.
The hobgoblin completely misses you.
The hobgoblin hits you but does no damage.
Ijyb closely misses you. The endoplasm freezes you.
You are frozen.
* * * LOW HITPOINT WARNING * * *
The hobgoblin hits you but does no damage.
Casting: Sandblast (safe; 3% risk of failure)
Confirm with . or Enter, or press ? or * to list all spells.
Aiming: Sandblast (safe; 3% risk of failure)
Press: ? - help, Shift-Dir - straight line, f/p - Ijyb
Aim: Ijyb, wielding a +1 dagger of venom, wearing a +1 scale mail of fire resistance and carrying a wand of quicksilver (80% to hit)
The blast of sand hits Ijyb but does no damage.
The endoplasm freezes you.
You are frozen.
You die...

#.......# .###
#... #.......# .g.
##<#...†...# #.##
........†..###...#
++###..........#
#.........###
######......#
#..gJ### #...@g#
#...ggK.....
######......
...$.$ ....# ....#
...# #..+


You could see a kobold brigand, Ijyb, an endoplasm and 3 hobgoblins.

Vanquished Creatures
  2 adders (D:3)
  A ribbon worm (D:2)
  A dart slug (D:2)
  An orc (D:4)
  4 endoplasms
  2 giant cockroaches
  4 goblins
  6 hobgoblins
  5 kobolds
  5 quokkas
  3 ball pythons
  4 bats
  3 frilled lizards (D:1)
  4 rats
45 creatures vanquished.

Notes
Turn   | Place    | Note
-------+----------+-------------------------------------------
     0 | D:1      | DiddlyDoom the Gargoyle Earth Elementalist began the quest
                  | for the Orb.
     0 | D:1      | Reached XP level 1. HP: 10/10 MP: 3/3
   185 | D:1      | Reached XP level 2. HP: 15/15 MP: 1/5
   628 | D:1      | Reached skill level 4 in Earth Magic
   814 | D:1      | Reached XP level 3. HP: 19/19 MP: 3/6
  1018 | D:2      | You are sucked into a shaft and drop 2 floors!
  1115 | D:4      | Found Enac's Overcharged Wands.
  1404 | D:2      | Gained mutation: Your magical capacity is low. (-10% MP)
                  | [potion of mutation]
  1404 | D:2      | Gained mutation: You expend magic power (3 MP) to
                  | strengthen your wands. [potion of mutation]
  1404 | D:2      | Gained mutation: Armour fits poorly on your strangely
                  | shaped body. [potion of mutation]
  2062 | D:2      | Reached XP level 4. HP: 24/24 MP: 5/7
  2354 | D:3      | Noticed Ijyb
  2358 | D:3      | Noticed a kobold brigand
  2362 | D:3      | Frozen to death by an endoplasm

Illustrated notes

Levels and vault maps discovered:
D:1:      doesnt_arrival_eight_statues, layout_loops_ring
D:2:      layout_basic, shapermc_ecumenical_altar_petra
D:3:      layout_basic, mainiacjoe_overflow_alcove_4, grunt_dithmenos_smoke,
          minmay_between, uniq_ijyb, uniq_crazy_yiuf_cottage
D:4:      layout_loops_ring, mainiacjoe_overflow_alcove_1,
          yredelemnul_forgotten_temple_becter, corexii_corridor_pit,
          hangedman_abyss_or_decor_lesser_grid, grunt_ministairs_14,
          nicolae_shop_overcharged_wands, uniq_blork_the_orc

Skill      XL: |  1  2 |
---------------+-------+-----
Earth Magic    | 4 |  4.6
Dodging        | |  1.8
Stealth        | |  2.5
Spellcasting   | |  2.9
Conjurations   | |  1.5

Action                     |  1- 3 |  4- 6 || total
---------------------------+-------+-------++-------
  Melee: Unarmed           |     5 |       ||     5
   Cast: Sandblast         |    52 |    10 ||    62
    Use: Scroll            |     8 |     3 ||    11
         Potion            |     1 |       ||     1
 Armour: Robe              |     5 |       ||     5
         Leather armour    |       |     7 ||     7
  Dodge: Dodged            |    11 |    10 ||    21
